AoeStats
← 非洲飞飞鱼

Arena

509153537Analyzed
4v4 RM · 8d ago on Sep 25, 2026· 62m 23s· 8 players
Game mode
Random Map
Map size
Large (8 player)
Population
200
Speed
Normal
Resources
Standard
Victory
Conquest
Starting age
Dark Age
Ending age
Imperial Age
RankedLock teamsTeams togetherTeam positionsShared explorationLock speedFull tech treeHidden civsTurbo modeCheats
Victory
Defeat
🇩🇪 Saxons · Germany
1079
+15
🇨🇭 Khmer · Switzerland
1072
+15
🇦🇹 Huns · Austria
1014
+18
🇺🇸 Italians · United States
1013
+18
🇦🇹 Turks · Austria
1089
-18
🇹🇼 Romans · Taiwan
1083
-18
🇨🇳 Tatars · China
1070
-17
🇪🇸 Lithuanians · Spain
961
-13
Veit
0:27 Loom
9:06 Feudal Age
9:40 Double-Bit Axe
12:50 Horse Collar
13:55 Wheelbarrow
19:02 Castle Age
16:54 Stone Mining
17:31 Town Watch
20:34 Bow Saw
20:26 Heavy Plow
26:35 Hand Cart
27:06 Gold Mining
28:52 Fletching
29:03 Padded Archer Armor
29:03 Scale Mail Armor
29:25 Squires
29:42 Forging
31:00 Leather Archer Armor
30:41 Bodkin Arrow
34:43 Imperial Age
33:28 Iron Casting
33:09 Chain Mail Armor
33:17 Ballistics
32:48 Heated Shot
33:10 Masonry
33:07 Arson
33:40 Treadmill Crane
35:47 Conscription
34:48 Shield Wall
35:01 Elite Hearth Troop
36:44 Chemistry
35:47 Bracer
36:18 Plate Mail Armor
36:32 Town Patrol
37:26 Ring Archer Armor
37:22 Gambesons
36:59 Pikeman
39:01 Two-Man Saw
38:32 Crop Rotation
37:53 Halberdier
40:23 Hoardings
40:37 Architecture
40:20 Siege Engineers
40:18 Elite Varangian Guard
42:34 Hoardings
43:05 Murder Holes
42:57 Arrowslits
43:11 Elite Varangian Guard
48:14 Thumb Ring
RobinHood2783
3:26 Loom
11:38 Feudal Age
16:23 Castle Age
14:18 Stone Mining
14:30 Double-Bit Axe
14:43 Horse Collar
15:34 Gold Mining
17:23 Bow Saw
18:37 Wheelbarrow
18:45 Heavy Plow
19:34 Hand Cart
22:36 Gold Shaft Mining
24:54 Fletching
25:27 Fortified Wall
32:14 Imperial Age
30:08 Tusk Swords
30:11 Husbandry
30:22 Bloodlines
29:32 Light Cavalry
30:50 Scale Barding Armor
31:14 Forging
31:00 Bodkin Arrow
32:10 Chain Barding Armor
33:21 Iron Casting
32:16 Hussar
33:42 Conscription
33:33 Double Crossbow
34:52 Chemistry
35:02 Crop Rotation
34:27 Heavy Scorpion
36:11 Ballistics
36:04 Siege Engineers
37:20 Plate Barding Armor
38:48 Blast Furnace
40:05 Bracer
40:18 Masonry
50:10 Architecture
Nightking
11:43 Feudal Age
13:13 Loom
16:27 Castle Age
15:07 Fletching
15:43 Double-Bit Axe
15:38 Horse Collar
17:49 Padded Archer Armor
17:46 Bodkin Arrow
20:30 Padded Archer Armor
21:24 Bow Saw
28:35 Wheelbarrow
28:07 Heavy Plow
29:32 Leather Archer Armor
30:56 Thumb Ring
31:32 Masonry
31:48 Ballistics
35:20 Imperial Age
32:37 Town Watch
36:28 Parthian Tactics
36:06 Bracer
36:32 Heavy Cavalry Archer
39:59 Guilds
41:23 Chemistry
40:20 Murder Holes
41:02 Caravan
41:10 Capped Ram
45:32 Siege Ram
Spaghetti
0:30 Loom
11:55 Feudal Age
16:18 Castle Age
14:30 Double-Bit Axe
19:50 Gold Mining
22:48 Bow Saw
25:05 Horse Collar
26:41 Wheelbarrow
29:13 Imperial Age
29:19 Imperial Age
27:34 Squires
27:19 Arson
28:23 Elite Skirmisher
32:21 Imperial Age
30:09 Hand Cart
37:02 Forging
36:52 Scale Mail Armor
40:28 Chain Mail Armor
40:55 Light Cavalry
41:45 Bloodlines
41:36 Husbandry
42:19 Scale Barding Armor
42:51 Iron Casting
42:47 Plate Mail Armor
44:20 Hussar
45:30 Chain Barding Armor
46:11 Blast Furnace
45:03 Fletching
45:13 Padded Archer Armor
49:04 Chemistry
48:24 Ballistics
50:43 Plate Barding Armor
Loretin
9:09 Feudal Age
10:41 Double-Bit Axe
12:25 Horse Collar
18:43 Castle Age
20:45 Wheelbarrow
21:56 Squires
22:34 Pikeman
33:47 Imperial Age
32:30 Scale Mail Armor
33:51 Hill Forts
34:05 Scale Barding Armor
34:10 Forging
37:14 Conscription
36:19 Elite Leitis
38:18 Heavy Plow
42:29 Chemistry
43:14 Tower Shields
zarett
13:29 Feudal Age
17:32 Castle Age
15:35 Double-Bit Axe
15:46 Gold Mining
21:39 Imperial Age
20:31 Padded Archer Armor
39:01 Bombard Tower
38:42 Fletching
38:42 Loom
40:46 Bodkin Arrow
43:45 Scale Barding Armor
43:51 Forging
44:38 Bloodlines
44:30 Husbandry
45:31 Horse Collar
47:09 Artillery
47:31 Bracer
61:59 Iron Casting
61:45 Chain Barding Armor
Dark_Knight
1:30 Loom
2:10 Loom
7:21 Loom
10:10 Feudal Age
11:57 Double-Bit Axe
11:57 Horse Collar
14:44 Castle Age
12:28 Horse Collar
16:32 Bow Saw
21:42 Wheelbarrow
22:04 Gold Mining
23:54 Gold Shaft Mining
26:54 Imperial Age
25:22 Pikeman
26:02 Squires
26:19 Stone Mining
27:00 Scale Mail Armor
27:10 Forging
27:17 Capped Ram
27:45 Town Watch
28:16 Chain Mail Armor
28:12 Forging
29:42 Masonry
29:53 Ballistics
30:07 Halberdier
31:46 Conscription
32:52 Chemistry
33:10 Guilds
33:45 Ballistas
33:54 Heavy Scorpion
34:46 Heavy Plow
37:01 Siege Engineers
37:50 Forging
38:34 Fletching
39:20 Iron Casting
38:19 Man-at-Arms
38:19 Man-at-Arms
39:20 Long Swordsman
41:02 Blast Furnace
40:48 Scale Barding Armor
40:15 Legionary
41:43 Caravan
42:32 Chain Barding Armor
43:00 Bodkin Arrow
44:31 Siege Ram
49:20 Architecture
50:51 Town Patrol
51:07 Hand Cart
52:05 Guard Tower
52:18 Padded Archer Armor
52:54 Plate Barding Armor
54:24 Keep
53:45 Murder Holes
非洲飞飞鱼
9:37 Feudal Age
10:07 Double-Bit Axe
16:23 Castle Age
14:55 Stone Mining
15:08 Horse Collar
17:33 Heavy Plow
17:57 Loom
28:11 Wheelbarrow
27:23 Town Watch
32:27 Imperial Age
30:14 Hand Cart
30:07 Town Patrol
30:18 Gold Mining
30:52 Forging
30:47 Scale Barding Armor
31:47 Ballistics
31:08 Treadmill Crane
31:51 Ballistics
31:28 Murder Holes
32:12 Iron Casting
31:28 Fletching
32:22 Gold Shaft Mining
32:47 Bloodlines
32:38 Husbandry
32:08 Light Cavalry
32:27 Elite Skirmisher
33:19 Padded Archer Armor
34:32 Chemistry
34:41 Chain Barding Armor
35:24 Blast Furnace
34:23 Bodkin Arrow
34:44 Leather Archer Armor
33:58 Heavy Camel Rider
36:01 Bow Saw
36:23 Crop Rotation
35:30 Heavy Cavalry Archer
37:38 Plate Barding Armor
37:06 Bracer
37:16 Siege Engineers
37:23 Fortified Wall
37:24 Masonry
38:30 Ring Archer Armor
37:34 Hussar
38:19 Silk Armor
38:42 Conscription
40:40 Timurid Siegecraft
40:02 Sappers
41:28 Onager
50:03 Coinage
49:44 Guilds
53:39 Banking
58:41 Caravan
Connection lost

Rejoining the realm…

Still unreachable

The connection could not be restored.

Session expired

The server has moved on; the page needs a fresh start.